 Dungeon Crawl Stone Soup version 0.30-a0-234-g97d66968fd (webtiles) character file.

Game seed: 15663718305620505949

409 BlueGoblin the Vexing (level 6, 0/44 HPs)
             Began as a Demonspawn Hexslinger on Oct 10, 2022.
             Was an Initiate of Makhleb.
             Slain by a goblin
             ... wielding a +0 club
             ... led by Robin
              (6 damage)
             ... on level 4 of the Dungeon.
             The game lasted 00:07:52 (4062 turns).

BlueGoblin the Vexing (Demonspawn Hexslinger)       Turns: 4062, Time: 00:07:53

Health: 0/44       AC:  3    Str: 10    XL:     6   Next: 58%
Magic:  9/9        EV: 12    Int: 16    God:    Makhleb [......]
Gold:   202        SH:  0    Dex: 14    Spells: 9/10 levels left

rFire   . . .      SeeInvis .    a - +2 dagger (elec)
rCold   . . .      Faith    .    (no shield)
rNeg    . . .      Spirit   .    c - +1 robe
rPois   .          Reflect  .    (helmet restricted)
rElec   .          Harm     .    (no cloak)
rCorr   .          Rampage  .    (no gloves)
Will    .....                    (no boots)
Stlth   +.........               (no amulet)
HPRegen 0.27/turn                (no ring)
MPRegen 0.11/turn                (no ring)

@: no status effects
A: antennae 2, hooves 1, weakness stinger 1
a: Renounce Religion


You were on level 4 of the Dungeon.
You worshipped Makhleb.
Makhleb was noncommittal.
You visited 2 branches of the dungeon, and saw 5 of its levels.

You collected 202 gold pieces.

Inventory:

Hand Weapons
 a - a +2 dagger of electrocution (weapon)
 b - a +1 dagger of venom
 n - a +2 whip of flaming
 p - a +0 long sword
 u - a +4 mace
Missiles
 k - 46 stones
 l - 3 curare-tipped darts
 y - 6 poisoned darts
Armour
 c - a +1 robe (worn)
 t - a scarf of invisibility
Magical Staves
 v - a staff of conjuration
Wands
 e - a wand of digging (7)
 m - a wand of quicksilver (6)
Scrolls
 i - a scroll of enchant armour
 j - 3 scrolls of poison
 r - a scroll of vulnerability
 x - a scroll of summoning {unknown}
Potions
 d - a potion of attraction
 f - a potion of magic
 g - 2 potions of brilliance
 h - 2 potions of ambrosia
 o - a potion of heal wounds {unknown}
 q - 2 potions of might {unknown}
 w - a potion of invisibility {unknown}


   Skills:
 + Level 1.9 Fighting
 + Level 2.1 Short Blades
 - Level 1.7 Ranged Weapons
 + Level 2.7 Dodging
 + Level 2.5 Spellcasting
 * Level 5.6 Hexes


You had 9 spell levels left.
You knew the following spells:

 Your Spells              Type           Power      Damage    Failure   Level
a - Slow                  Hex            80%        N/A       1%          1

Your spell library contained the following spells:

 Spells                   Type           Power      Damage    Failure   Level
 Inner Flame              Hex/Fire       11%        N/A       19%         3
 Portal Projectile        Hex/Tloc       22%        N/A       19%         3
 Cause Fear               Hex            10%        N/A       19%         4


Dungeon Overview and Level Annotations

Branches:
Dungeon (4/15)             Temple (1/1) D:4

Altars:
Cheibriados
Fedhas
Hepliaklqana
Kikubaaqudgha
Makhleb
Nemelex Xobeh
Okawaru
Qazlal
Ru
Sif Muna
Trog
Uskayaw
Vehumet
Wu Jian
Yredelemnul

Annotations:
D:4 Robin


Innate Abilities, Weirdness & Mutations

You have a pair of antennae on your head.
You have large cloven feet.
You have a small tail.


Message History

You tail-slap the scorpion.
The scorpion is severely wounded.
A ball python comes into view.
The goblin barely misses you.
You closely miss the scorpion. You tail-slap the scorpion.
The scorpion is severely wounded.
The scorpion misses you. The goblin hits you with a +0 club.
You hit the scorpion but do no damage. Your kick misses the scorpion.
The scorpion is severely wounded.
The goblin barely misses you. The scorpion stings you.
* * * LOW HITPOINT WARNING * * *
Robin roars a battlecry!
The goblins go into a battle-frenzy!
Unknown command.
You hit the scorpion.
The scorpion is almost dead.
The goblin hits you with a +0 club.
* * * LOW HITPOINT WARNING * * *
The scorpion misses you.
Unknown command.
You barely miss the scorpion.
You kick the scorpion, but do no damage.
The scorpion is almost dead.
The goblin hits you but does no damage.
You hit the scorpion.
You kill the scorpion!
Makhleb accepts your kill. The goblin hits you with a +0 club.
* * * LOW HITPOINT WARNING * * *
Robin throws the goblin at you! The goblin misses you.
Your Short Blades skill increases to level 2!
Unknown command.
Casting: Slow (safe; 1% risk of failure)
Confirm with . or Enter, or press ? or * to list all spells.
Okay, then.
Unknown command.
You feel better. The goblin hits you with a +0 club.
* * * LOW HITPOINT WARNING * * *
The goblin misses you. The goblin hits you with a +0 club.
You die...

##### .....# ......#
....... ########## .......
#........# .......
#........#
......g######........#####
......Jgg@g##........<..†.
......S###g.#........###..
....... ##........).....#
....... ###......)......
....... ##...##...#.....
....... ##...#..#.#......
....... #.....#....#..#...
...............#....##....
...####.....>.[.....


You could see a jelly, 2 hobgoblins, 3 goblins and a ball python.

Vanquished Creatures
  A scorpion (D:4)
  2 vampire bats (D:3)
  A gnoll bouda (D:4)
  Jessica (D:3)
  An iguana (D:3)
  Natasha (D:2)
  3 gnolls (D:4)
  4 adders (D:2)
  A worm (D:2)
  4 dart slugs
  10 ball pythons
  3 bats
  4 bat skeletons (D:3)
  2 bat zombies (D:3)
  8 endoplasms
  2 giant cockroaches
  17 goblins
  7 hobgoblins
  8 jackals
  A quokka (D:3)
  2 frilled lizards (D:1)
  4 kobolds
  A rat (D:2)
88 creatures vanquished.

Notes
Turn   | Place    | Note
-------+----------+-------------------------------------------
     0 | D:1      | BlueGoblin the Demonspawn Hexslinger began the quest for
                  | the Orb.
     0 | D:1      | Reached XP level 1. HP: 15/15 MP: 2/2
   288 | D:1      | Discovered your monstrous ancestry.
   288 | D:1      | Gained mutation: You have large cloven feet. [demonic
                  | ancestry]
   288 | D:1      | Reached XP level 2. HP: 13/21 MP: 3/3
   976 | D:2      | Gained mutation: You have a pair of small antennae on your
                  | head. [demonic ancestry]
   976 | D:2      | Reached XP level 3. HP: 20/26 MP: 4/4
  1020 | D:2      | Reached skill level 4 in Hexes
  1281 | D:2      | Gained mutation: You have a small tail. [demonic ancestry]
  1281 | D:2      | Reached XP level 4. HP: 28/32 MP: 3/5
  1492 | D:2      | Reached skill level 1 in Short Blades
  1700 | D:2      | Noticed Natasha
  1711 | D:2      | Killed Natasha
  2230 | D:3      | Reached XP level 5. HP: 8/37 MP: 4/7
  2348 | D:3      | Found a sparkling altar of Nemelex Xobeh.
  2382 | D:3      | Noticed Jessica
  2390 | D:3      | Killed Jessica
  2585 | D:3      | Found a faded altar of an unknown god.
  2716 | D:3      | Reached skill level 5 in Hexes
  2760 | D:3      | Found an ancient bone altar of Kikubaaqudgha.
  2789 | D:3      | Gained mutation: You have a pair of antennae on your head.
                  | [demonic ancestry]
  2789 | D:3      | Reached XP level 6. HP: 37/43 MP: 9/9
  2972 | D:3      | Found a bloodstained altar of Trog.
  2972 | D:3      | Found an ornate altar of the Wu Jian Council.
  3707 | D:4      | Found a staircase to the Ecumenical Temple.
  3866 | Temple   | Entered the Ecumenical Temple
  3971 | Temple   | Became a worshipper of Makhleb the Destroyer
  4017 | D:4      | Noticed Robin
  4062 | D:4      | Slain by a goblin

Illustrated notes

Levels and vault maps discovered:
D:1:      dpeg_arrival_simpleton_b, layout_basic
D:2:      minmay_diamond_boxcup, layout_loops_cross, uniq_natasha
D:3:      layout_loops_ring, gammafunk_temple_overflow_pools,
          mainiacjoe_overflow_surrounded_room, kennysheep_vampire_church,
          serial_aquarium, aquarium_bridge_straight [aquarium_subvault_bridge,
          aquarium_subvault_window, aquarium_subvault_bridge,
          aquarium_subvault_wall], aquarium_window_fake, aquarium_window_corner,
          aquarium_view_2c, aquarium_balcony_3a, aquarium_pool_corner,
          hellmonk_ecumenical_altar_dog_temple, uniq_jessica
D:4:      layout_rooms, minmay_temple_entry_mini_moons, st_stairs_13, uniq_robin
Temple:   dshaligram_water_room_temple

Skill      XL: |  1  2  3  4  5  6 |
---------------+-------------------+-----
Dodging        | 2 |  2.7
Hexes          | 4 5 |  5.6
Short Blades   | 1 2 |  2.1
Spellcasting   | 2 |  2.5
Fighting       | |  1.9
Ranged Weapons | |  1.7

Action                   |  1- 3 |  4- 6 || total
-------------------------+-------+-------++-------
Melee: Dagger            |    74 |   161 ||   235
       Kick              |    15 |    45 ||    60
       Tailslap          |       |    14 ||    14
       Punch             |       |     1 ||     1
 Fire: Sling             |     5 |       ||     5
Throw: Stone             |       |     1 ||     1
 Cast: Slow              |    13 |    64 ||    77
  Use: Scroll            |       |     9 ||     9
       Potion            |       |     3 ||     3
 Stab: Sleeping          |     2 |     1 ||     3
Armor: Robe              |     4 |    43 ||    47
Dodge: Dodged            |    39 |   133 ||   172

Table legend: (Time is in decaauts)
 A = Elapsed time spent in this place.
 B = Non-inter-level travel time spent in this place.
 C = Inter-level travel time spent in this place.
 D = Time resting spent in this place.
 E = Time spent auto-exploring this place.
 F = Levels seen in this place.
 G = Mean time per level.
                   A        B        C        D        E       F      G
               +--------+--------+--------+--------+--------+-----+--------+
         Total |   4049 |   3766 |    283 |    230 |   2914 |   5 |  809.8 |
       Dungeon |   3928 |   3695 |    233 |    230 |   2854 |   4 |  982.0 |
        Temple |    121 |     71 |     50 |      0 |     60 |   1 |  121.0 |
               +--------+--------+--------+--------+--------+-----+--------+

Top non-repeatable levels by time:
     D:3: 1504 daAuts
     D:2: 1266 daAuts
     D:1: 916 daAuts
     D:4: 239 daAuts
  Temple: 121 daAuts
